 Dungeon Crawl Stone Soup version 0.30-a0-852-g08b95dd62f (webtiles) character file.

Game seed: 8630990586414532062

7398 Firecrotchwizard the Fighter (level 11, -5/89 HPs)
             Began as a Djinni Fire Elementalist on Mar 5, 2023.
             Was a Follower of Ru.
             Slain by a vampire (9 damage)
             ... on level 10 of the Dungeon.
             The game lasted 00:25:15 (9109 turns).

Firecrotchwizard the Fighter (DjFE)                 Turns: 9109, Time: 00:25:15

Health: -5/89      AC: 10    Str:  7    XL:     11   Next: 36%
Gold:   508        EV: 18    Int: 21    God:    Ru [*.....] SH:  0 Dex: 14

rFire   + + .      SeeInvis .    p - +2 dagger (elec)
rCold   x . .      Faith    .    (no shield)
rNeg    . . .      Spirit   .    y - +0 troll leather armour
rPois   ∞          Reflect  .    b - +1 helmet
rElec   .          Rampage  .    r - +2 cloak
rCorr   .                        k - +0 pair of gloves
Will    +....                    (boots unavailable)
Stlth   ++                       (no amulet)
HPRegen 1.14/turn                E - +5 ring of evasion
MPRegen 0.00/turn                (no ring)

@: flying
A: sickness immunity, fire resistance 2, cold vulnerability 1, inability to
train armour, float, innate caster, HP casting, extra vitality 1
a: Renounce Religion


You were on level 10 of the Dungeon.
You worshipped Ru.
Ru was aware of your devotion.
You visited 2 branches of the dungeon, and saw 12 of its levels.
You also visited: Ossuary.

You collected 508 gold pieces.

Inventory:

Hand Weapons
 c - a +0 hand axe
   (You found it on level 2 of the Dungeon)
 f - a +0 dagger
   (You took it off a kobold on level 3 of the Dungeon)
 p - a +2 dagger of electrocution (weapon)
   (You took it off a goblin on level 3 of the Dungeon)
 v - a +2 dagger of venom
   (You took it off a goblin on level 4 of the Dungeon)
Missiles
 d - 7 boomerangs
 h - 24 poisoned darts
 s - 87 stones (quivered)
 t - 5 curare-tipped darts
 A - a throwing net {!d}
Armour
 a - a +0 robe
 b - a +1 helmet (worn)
   (You found it on level 6 of the Dungeon)
 k - a +0 pair of gloves (worn)
   (You found it on level 3 of the Dungeon)
 r - a +2 cloak (worn)
   (You found it on level 4 of the Dungeon)
 y - a +0 troll leather armour (worn)
   (You found it on level 9 of the Dungeon)
Magical Staves
 o - a staff of poison {rPois}
   (You found it on level 10 of the Dungeon)
Jewellery
 E - a +5 ring of evasion (left hand)
   (You found it on level 9 of the Dungeon)
 W - a ring of willpower
   (You found it on level 3 of the Dungeon)
Wands
 e - a wand of charming (3)
   (You found it on level 5 of the Dungeon)
 l - a wand of roots (9)
   (You found it on level 7 of the Dungeon)
 n - a wand of light (7)
   (You found it on level 3 of the Dungeon)
 q - a wand of flame (17)
   (You found it on level 8 of the Dungeon)
Scrolls
 g - 4 scrolls of fog
 m - a scroll of fear
 D - 6 scrolls of blinking {!r}
 Y - 4 scrolls of teleportation {@r3}
Potions
 i - a potion of attraction {!q}
 j - a potion of flight {unknown}
 u - 3 potions of cancellation
 w - a potion of heal wounds {unknown}
 x - a potion of magic {unknown}
 z - a potion of degeneration {unknown}
 B - a potion of brilliance
 G - 2 potions of ambrosia {!q}
 J - 8 potions of curing {@q1}
 M - 2 potions of might
 R - 2 potions of resistance
 T - a potion of berserk rage {!q}
 U - a potion of mutation {!q}


   Skills:
 + Level 11.8 Fighting
 + Level 5.2 Dodging
 - Level 2.0 Stealth
 - Level 9.0 Spellcasting


You knew the following spells:

 Your Spells              Type           Power      Damage    Failure   Level
a - Foxfire               Conj/Fire      100%       2x1d9     1%          1
b - Scorch                Fire           94%        2d9       1%          2
c - Kindle Blastsparks    Fire/Tloc/Air  94%        2d17      1%          3
d - Inner Flame           Hex/Fire       47%        N/A       1%          3
e - Flame Wave            Conj/Fire      47%        2d12      2%          4
f - Necrotise             Necr           100%       1d9       1%          1
g - Ensorcelled Hibernat  Hex/Ice        94%        N/A       1%          2
h - Mephitic Cloud        Conj/Pois/Air  47%        N/A       1%          3
x - Vampiric Draining     Necr           47%        2d9       1%          3
z - Iskenderun's Battles  Conj           47%        2d10      8%          5
Your spell library was empty.

Dungeon Overview and Level Annotations

Branches:
Dungeon (11/15)            Temple (1/1) D:5            Lair (0/5) D:9
    Orc (0/2) D:9         Ossuary (visited)

Altars:
Ashenzari
Cheibriados
Dithmenos
Elyvilon
Fedhas
Gozag
Hepliaklqana
Makhleb
Nemelex Xobeh
Okawaru
Qazlal
Ru
Trog
Uskayaw
Wu Jian
Xom
Yredelemnul
Zin
The Shining One

Annotations:
D:4 2 transporters, Menkaure


Innate Abilities, Weirdness & Mutations

You are immune to sickness and miasma.
You are immune to poison.
Your flesh is very heat resistant. (rF++)
You are vulnerable to cold. (rC-)
You cannot train Armour skill.
You float through the air rather than walking.
You learn spells naturally, not from books.
Your magical power is your life essence.
You have superior vitality. (+4 MHP)


Message History

Flames lash the vampire.
The vampire's fire resistance burns away.
The foxfire hits the vampire but does no damage.
The vampire hits you. The vampire barely misses you.
You take 7 damage, and have 82/89 hp.
You conjure some foxfire!
The vampire is no longer more vulnerable to fire.
You redirect the vampire's attack!
The vampire hits itself.
The vampire bites itself.
The vampire barely misses you. The vampire closely misses you.
Flames lash the vampire.
The vampire's fire resistance burns away.
You hear a shout!
The foxfire hits the vampire but does no damage. x2
An acid dragon comes into view.
The vampire misses you. x2; The vampire hits you!
The vampire completely misses you.
A troll comes into view.
You take 8 damage, and have 74/89 hp.
You conjure some foxfire!
The vampire begins to cast a spell, but is stunned by your conviction!
The vampire hits you but does no damage.
The vampire closely misses you.
Flames lash the vampire.
The vampire is burned terribly!
The foxfire hits the vampire.
The vampire is burned terribly!
The foxfire hits the vampire but does no damage.
The vampire closely misses you. The vampire barely misses you.
The vampire points at you and mumbles some strange words.
You easily resist.
You take 1 damage, and have 73/89 hp.
The vampire casts a spell.
The vampire flickers and vanishes!
Deactivating autopickup; reactivate with Ctrl-A.
The vampire barely misses you. The vampire bites you.
You fly upwards.
Reactivating autopickup.
There is a stone staircase leading down here.
You take 1 damage, and have 72/89 hp.
You conjure some foxfire!
The vampire closely misses you. The vampire bites you.
Something barely misses you. Something closely misses you.
You take 5 damage, and have 67/89 hp.
Flames lash something but do no damage.
The foxfire hits the vampire!
The vampire is burned terribly!
The foxfire hits something.
Something hits you.
Deactivating autopickup; reactivate with Ctrl-A.
Something bites you! The vampire barely misses you. x2
You take 11 damage, and have 56/89 hp.
You conjure some foxfire!
The vampire points at you and mumbles some strange words.
You easily resist.
You hear some strange, mumbled words.
Something tries to affect you, but you resist.
Flames lash the vampire.
The vampire is burned terribly!
You destroy the vampire!
The foxfire hits something but does no damage.
The foxfire hits something.
Something closely misses you. Something bites you.
You take 2 damage, and have 55/89 hp.
You start resting.
Something hits you. Something bites you.
You take 6 damage, and have 49/89 hp.
You start resting.
Something hits you! Something bites you.
You take 11 damage, and have 38/89 hp.
You conjure some foxfire!
Something hits you but does no damage. Something bites you!
You take 8 damage, and have 30/89 hp.
You conjure a globe of magical energy.
* * * LOW HITPOINT WARNING * * *
The foxfire hits something but does no damage. x2
You hear some strange, mumbled words.
Something tries to affect you, but you resist.
You imbue your battlesphere with additional charge.
* * * LOW HITPOINT WARNING * * *
Something hits you but does no damage. Something barely misses you.
You imbue your battlesphere with additional charge.
* * * LOW HITPOINT WARNING * * *
Something barely misses you. Something bites you!
* * * LOW HITPOINT WARNING * * *
You take 19 damage, and have 11/89 hp.
MASSIVE DAMAGE!!
You conjure some foxfire!
* * * LOW HITPOINT WARNING * * *
Something hits you but does no damage. Something bites you.
* * * LOW HITPOINT WARNING * * *
You take 2 damage, and have 9/89 hp.
You conjure some foxfire!
* * * LOW HITPOINT WARNING * * *
The foxfire hits something.
The foxfire hits something but does no damage.
You redirect something's attack!
Something hits you but does no damage. Something closely misses you.
You conjure some foxfire!
* * * LOW HITPOINT WARNING * * *
The foxfire hits something!
The foxfire hits something.
Something hits you.
* * * LOW HITPOINT WARNING * * *
Something bites you but does no damage.
You take 6 damage, and have 3/89 hp.
You barely miss something.
The foxfire hits something.
The foxfire hits something but does no damage.
You redirect something's attack!
Something hits you!
You die...

##...# #...#
#.................. ##...#
#...# #..................
##...# #...#
#.................. ##...#
#...# #............<.....
##...# #...#
#.................. ##...#
#...# #..............^...
##...# #...#
#..)........>.>.... ##...#
#...# #{....)............
.....# #...#
#.@..)))..........# .....#
#...####§§*............).#
###..#
#........................#
#..#
#........................#
#..#
#...#####.................
#..###...#
#.................
#...###..#
#.................
###.)##_##.#
#.................
#...##...###
#.................


You could see a friendly battlesphere.

Vanquished Creatures
  A two-headed ogre (D:8)
  A komodo dragon (D:9)
  3 trolls (D:9)
  2 shadows
  A vampire (D:10)
  A steam dragon (D:10)
  2 wyverns (D:10)
  10 yaks
  An acid dragon (D:10)
  An ice beast (D:5)
  3 sky beasts
  2 orc warriors
  2 ogres
  2 centaurs
  A kobold brigand (D:7)
  A gnoll sergeant (D:5)
  2 scorpions
  17 wights
  6 killer bees (D:9)
  5 howler monkeys
  3 hounds
  2 jellies
  7 orc priests
  A gnoll bouda (D:10)
  8 orc wizards
  13 mummies (Ossuary)
  8 gnolls
  8 adders
  2 white imps
  4 worms
  3 dart slugs
  26 orcs
  10 ball pythons
  3 bats
  10 endoplasms
  3 giant cockroaches
  6 goblins
  4 hobgoblins
  11 kobolds
  4 quokkas
  4 frilled lizards
  4 gnoll skeletons (Ossuary)
  2 goblin skeletons (Ossuary)
  A kobold skeleton (Ossuary)
  An orc skeleton (Ossuary)
  5 rats
  11 rat skeletons (Ossuary)
228 creatures vanquished.

Vanquished Creatures (others)
  A wight (D:9)
  A gnoll (D:10)
  790 foxfires
  3 fungi (D:2)
  7 plants
802 creatures vanquished.

Grand Total: 1030 creatures vanquished

Notes
Turn   | Place    | Note
-------+----------+-------------------------------------------
     0 | D:1      | Firecrotchwizard the Djinni Fire Elementalist began the
                  | quest for the Orb.
     0 | D:1      | Firecrotchwizard set off with the following spells
                  | memorised: Foxfire, Scorch, Kindle Blastsparks, Inner
                  | Flame, Flame Wave.
     0 | D:1      | Reached XP level 1. HP: 15/15 MP: 0/0
   132 | D:1      | You are sucked into a shaft and drop 1 floor!
   167 | D:2      | Reached XP level 2. HP: 13/21 MP: 0/0
   290 | D:1      | Reached skill level 2 in Stealth
   395 | D:1      | Reached XP level 3. HP: 25/26 MP: 0/0
   395 | D:1      | Learned a level 1 spell: Necrotise
   693 | D:1      | Reached skill level 1 in Fighting
   973 | D:2      | Reached skill level 3 in Spellcasting
   973 | D:2      | Reached XP level 4. HP: 29/32 MP: 0/0
  1041 | D:2      | Found a faded altar of an unknown god.
  1263 | D:3      | Reached skill level 2 in Fighting
  1629 | D:3      | Reached XP level 5. HP: 33/39 MP: 0/0
  1629 | D:3      | Learned a level 2 spell: Ensorcelled Hibernation
  2672 | D:4      | Found a shimmering altar of Xom.
  2682 | D:4      | Found a transporter.
  2736 | D:4      | Found a transporter.
  2749 | D:4      | Noticed a phantom
  3023 | D:4      | Found a basalt altar of Yredelemnul.
  3025 | D:4      | Noticed Menkaure
  3133 | D:5      | Entered Level 5 of the Dungeon
  3194 | D:5      | Reached skill level 3 in Fighting
  3217 | D:5      | Reached XP level 6. HP: 43/46 MP: 0/0
  3511 | D:5      | Found a staircase to the Ecumenical Temple.
  3520 | Temple   | Entered the Ecumenical Temple
  3651 | D:5      | Noticed an ice beast
  3656 | D:5      | Reached skill level 4 in Spellcasting
  3658 | D:5      | Killed an ice beast
  3659 | D:5      | Reached skill level 4 in Fighting
  3659 | D:5      | Reached XP level 7. HP: 45/52 MP: 0/0
  3659 | D:5      | Learned a level 3 spell: Vampiric Draining
  3830 | D:5      | Reached skill level 5 in Fighting
  4133 | D:6      | Reached skill level 5 in Spellcasting
  4133 | D:6      | Reached XP level 8. HP: 54/59 MP: 0/0
  4261 | D:6      | Found a sand-covered staircase.
  4270 | Ossuary  | Entered an ossuary
  4776 | Ossuary  | Reached skill level 6 in Fighting
  5272 | D:6      | Found a broken altar of Ashenzari.
  5590 | D:7      | Reached skill level 6 in Spellcasting
  5648 | D:7      | Reached skill level 7 in Fighting
  5648 | D:7      | Reached XP level 9. HP: 67/68 MP: 0/0
  5648 | D:7      | Learned a level 3 spell: Mephitic Cloud
  6169 | D:7      | Reached skill level 8 in Fighting
  6412 | D:8      | Found a sparkling altar of Nemelex Xobeh.
  6498 | D:8      | Noticed a two-headed ogre
  6504 | D:8      | Killed a two-headed ogre
  6505 | D:8      | Reached skill level 7 in Spellcasting
  6831 | D:8      | Found a sacrificial altar of Ru.
  6847 | D:8      | Became a worshipper of Ru the Awakened
  7009 | D:8      | Reached skill level 9 in Fighting
  7009 | D:8      | Reached XP level 10. HP: 73/78 MP: 0/0
  7277 | D:9      | Found a staircase to the Orcish Mines.
  7285 | D:9      | Found a burning altar of Makhleb.
  7288 | D:9      | Noticed a blizzard demon
  7421 | D:9      | Reached skill level 8 in Spellcasting
  7427 | D:9      | Reached skill level 10 in Fighting
  7708 | D:9      | Found a staircase to the Lair.
  7709 | D:9      | Noticed a komodo dragon
  7723 | D:9      | Killed a komodo dragon
  7915 | D:9      | Reached XP level 11. HP: 67/86 MP: 0/0
  7915 | D:9      | Learned a level 5 spell: Iskenderun's Battlesphere
  8095 | D:9      | Reached skill level 11 in Fighting
  8095 | D:9      | Reached skill level 9 in Spellcasting
  8167 | D:10     | Entered Level 10 of the Dungeon
  8207 | D:10     | Gained mutation: You cannot train Armour skill. [Ru
                  | sacrifice]
  8207 | D:10     | Reached * piety under Ru
  8304 | D:10     | Reached skill level 3 in Dodging
  8325 | D:10     | Found a glowing silver altar of Zin.
  8510 | D:10     | Reached skill level 4 in Dodging
  8637 | D:10     | Found a shadowy altar of Dithmenos.
  8639 | D:10     | Found a hide-covered altar of Uskayaw.
  8642 | D:10     | Found a blossoming altar of Fedhas.
  8725 | D:10     | Reached skill level 5 in Dodging
  9063 | D:11     | Noticed a two-headed ogre
  9105 | D:10     | HP: 11/89 [something (8)]
  9108 | D:10     | HP: 3/89 [something (6)]
  9109 | D:10     | Slain by a vampire

Illustrated notes

Levels and vault maps discovered:
D:1:      saegor_arrival_miasma, layout_basic, columned_hall_lemuel,
          nrook_loot_triangle
D:2:      layout_rooms, shapermc_ecumenical_altar_mp_urbaneastern
D:3:      layout_basic
D:4:      layout_basic, gammafunk_temple_of_torment, brannock_xom_greatest_gift
D:5:      layout_basic, minmay_temple_entry_drinking_statues
D:6:      layout_rooms, cheibrodos_ashenzari_chains,
          nicolae_ossuary_entry_ruins, amethyst_killhole
D:7:      layout_gridville, chequers_serial_rivers_room_b
D:8:      layout_basic, nicolae_overflow_crystal_walls,
          mainiacjoe_overflow_paths
D:9:      layout_roguey, makhleb_altar_promises_db, david_lair_shrubbed,
          orc_0_dummy
D:10:     layout_long_grid, grunt_temple_overflow_diamond, zin_scriptorium
D:11:     layout_rooms, uniq_erica
Temple:   nicolae_temple_ecumenical_triangle

Skill      XL: |  1  2  3  4  5  6  7  8  9 10 11 |
---------------+----------------------------------+-----
Stealth        | 2 |  2.0
Fighting       | 1 2 3 4 5 7 9 10 11 | 11.8
Spellcasting   | 3 4 5 6 7 8 9 |  9.0
Dodging        | 5 |  5.2

Action                     |  1- 3 |  4- 6 |  7- 9 | 10-12 || total
---------------------------+-------+-------+-------+-------++-------
  Melee: Unarmed           |     1 |       |       |       ||     1
         Hand axe          |     5 |     1 |       |       ||     6
         Dagger            |       |    16 |    51 |    32 ||    99
         Punch             |       |       |     1 |     1 ||     2
  Throw: Stone             |       |     3 |     1 |       ||     4
   Cast: Foxfire           |    55 |    97 |   181 |   116 ||   449
         Necrotise         |     9 |       |     1 |       ||    10
         Scorch            |       |    12 |    26 |    57 ||    95
         Mephitic Cloud    |       |       |     1 |     1 ||     2
         Flame Wave        |       |       |       |     5 ||     5
         Iskenderun's Batt |       |       |       |     3 ||     3
 Invoke: Sacrifice Durabil |       |       |       |     1 ||     1
    Use: Scroll            |       |     9 |     6 |     5 ||    20
 Armour: Robe              |     2 |     4 |     7 |     2 ||    15
         Troll leather arm |       |       |       |    27 ||    27
  Dodge: Dodged            |     5 |    10 |    19 |   105 ||   139

Table legend: (Time is in decaauts)
 A = Elapsed time spent in this place.
 B = Non-inter-level travel time spent in this place.
 C = Inter-level travel time spent in this place.
 D = Time resting spent in this place.
 E = Time spent auto-exploring this place.
 F = Levels seen in this place.
 G = Mean time per level.
                   A        B        C        D        E       F      G
               +--------+--------+--------+--------+--------+-----+--------+
         Total |   9106 |   8791 |    315 |   1204 |   6198 |  13 |  700.5 |
       Dungeon |   8397 |   8092 |    305 |    976 |   5916 |  11 |  763.4 |
        Temple |     45 |     35 |     10 |      0 |     31 |   1 |   45.0 |
       Ossuary |    663 |    663 |      0 |    228 |    251 |   1 |  663.0 |
               +--------+--------+--------+--------+--------+-----+--------+

Top non-repeatable levels by time:
     D:3: 1165 daAuts
     D:7: 1014 daAuts
    D:10: 907 daAuts
     D:5: 900 daAuts
     D:9: 889 daAuts
     D:8: 869 daAuts
     D:4: 740 daAuts
     D:1: 685 daAuts
 Ossuary: 663 daAuts
     D:6: 622 daAuts
     D:2: 566 daAuts
  Temple: 45 daAuts
    D:11: 34 daAuts

Table legend:
 A = Kills in this place as a percentage of kills in the entire game.
 B = Kills by you in this place as a percentage of kills by you in the entire game.
 C = Kills by friends in this place as a percentage of kills by friends in the entire game.
 D = Other kills in this place as a percentage of other kills in the entire game.
 E = Experience gained in this place as a percentage of experience gained in the entire game.
 F = Experience gained in this place divided by the number of levels of this place that you have seen.
                   A       B       C       D       E      F
               +-------+-------+-------+-------+-------+----------------------
         Total | 100.0 | 100.0 |   N/A | 100.0 | 100.0 | 813.0
       Dungeon |  86.1 |  85.8 |   N/A | 100.0 |  97.6 | 937.5
       Ossuary |  13.9 |  14.2 |   N/A |   0.0 |   2.4 | 256.0
               +-------+-------+-------+-------+-------+----------------------
